 Dungeon Crawl Stone Soup version 0.21-a0-41-g5e91fef (webtiles) character file.

5707 tilp the Arsonist (level 10, 0/124 (126) HPs)
             Began as a Red Draconian Fire Elementalist on June 3, 2017.
             Was a High Priest of Okawaru.
             Slain by a two-headed ogre
             ... wielding a +0 giant club
              (19 damage)
             ... on level 10 of the Dungeon.
             The game lasted 00:44:00 (11935 turns).

tilp the Arsonist (DrFE)                           Turns: 11935, Time: 00:44:03

HP:   0/124 (126)   AC: 26    Str: 15    XL:     10   Next: 48%
MP:   13/20         EV:  2    Int: 20    God:    Okawaru [*****.]
Gold: 250           SH:  8    Dex: 11    Spells: 5/23 levels left

rFire    . . .     SeeInvis .   C - +0 spear "Wacrerif" {venom, rPois rC- Str+5 Stlth+} (curse)
rCold    x . .     Gourm    .   k - +3 buckler
rNeg     + + +     Faith    .   (armour unavailable)
rPois    +         Spirit   .   (helmet currently unavailable)
rElec    .         Reflect  .   (cloak currently unavailable)
rCorr    .         Harm     .   (gloves currently unavailable)
MR       .....     NoTele   +   (boots currently unavailable)
Stlth    +++++.....             (no amulet)
Regen    0.3/turn               y - +1 ring of protection
MPRegen  0.2/turn               I - ring of stealth

@: tree-form, heroism
A: (breathe fire), unfitting armour, AC +7
a: Heroism, Finesse, Renounce Religion


You were on level 10 of the Dungeon.
You worshipped Okawaru.
Okawaru was extremely pleased with you.
You were hungry.
You were a tree.
You visited 2 branches of the dungeon, and saw 12 of its levels.
You also visited: Sewer.

You collected 565 gold pieces.
You spent 315 gold pieces at shops.

Inventory:

Hand Weapons
 c - a +0 flail
 p - a +2 mace
 t - a +5 short sword
 u - a +0 morningstar
 C - the cursed +0 spear "Wacrerif" (weapon) {venom, rPois rC- Str+5 Stlth+}
   (You found it on level 5 of the Dungeon)

   It poisons the flesh of those it strikes.
   It affects your strength (+5).
   It makes you vulnerable to cold.
   It protects you from poison.
   It makes you more stealthy.
   It has a curse placed upon it.
 G - a +3 dagger
 N - a +0 broad axe
Missiles
 e - 3 javelins (quivered)
Armour
 k - a +3 buckler (worn)
 z - a +2 pair of gloves (melded)
 E - a +2 cloak of magic resistance (melded)
 P - a +1 pair of gloves of dexterity
Magical Staves
 n - an uncursed staff of conjuration {unknown}
Jewellery
 y - a +1 ring of protection (left branch)
 I - a ring of stealth (right branch)
Wands
 o - a wand of confusion (26/48)
 x - a wand of iceblast (12/15)
 A - a wand of iceblast (7/15)
 F - a wand of flame (10/48)
Scrolls
 f - 4 scrolls of fear
 g - 5 scrolls of teleportation
 l - 3 scrolls of enchant weapon
 B - 3 scrolls of remove curse
 D - a scroll of amnesia
 H - 2 scrolls of blinking
 K - 4 scrolls of identify
 O - a scroll of magic mapping
Potions
 d - 4 potions of lignification
 h - 2 potions of haste
 i - 5 potions of curing
 j - a potion of might
 m - a potion of agility
 q - 2 potions of magic
 r - a potion of invisibility
 s - 3 potions of brilliance
 v - 2 potions of heal wounds
Books
 a - a book of Flames

   Spells                             Type                      Level
   a - Flame Tongue                   Conjuration/Fire             1
   b - Throw Flame                    Conjuration/Fire             2
   c - Conjure Flame                  Conjuration/Fire             3
   d - Inner Flame                    Hexes/Fire                   3
   e - Sticky Flame                   Conjuration/Fire             4
   f - Fireball                       Conjuration/Fire             5
 w - a book of Misfortune

   Spells                             Type                      Level
   a - Confusing Touch                Hexes                        1
   b - Confuse                        Hexes                        3
   c - Gell's Gravitas                Translocation                3
   d - Petrify                        Transmutation/Earth          4
   e - Metabolic Englaciation         Hexes/Ice                    5
   f - Yara's Violent Unravelling     Hexes/Transmutation          5
 J - a book of Debilitation

   Spells                             Type                      Level
   a - Corona                         Hexes                        1
   b - Slow                           Hexes                        2
   c - Inner Flame                    Hexes/Fire                   3
   d - Portal Projectile              Hexes/Translocation          3
   e - Cause Fear                     Hexes                        4
   f - Leda's Liquefaction            Hexes/Earth                  4
Comestibles
 b - 9 bread rations
 L - a royal jelly
 M - 2 meat rations


   Skills:
 * Level 6.5(11.5) Fighting
 - Level 1.7(6.7) Dodging
 - Level 1.7(6.7) Stealth
 - Level 7.0 Spellcasting
 + Level 5.0 Conjurations
 + Level 12.0 Fire Magic
 * Level 6.4 Invocations


You had 5 spell levels left.
You knew the following spells:

 Your Spells              Type           Power        Failure   Level  Hunger
a - Flame Tongue          Conj/Fire      #####        1%          1    None
b - Throw Flame           Conj/Fire      #####.       1%          2    None
c - Conjure Flame         Conj/Fire      #####...     1%          3    #......
d - Sticky Flame          Conj/Fire      #####...     2%          4    ###....
e - Inner Flame           Hex/Fire       ####....     2%          3    #......
f - Fireball              Conj/Fire      #####.....   8%          5    #####..


Dungeon Overview and Level Annotations

Branches:
Dungeon (11/15)            Temple (1/1) D:5            Lair (0/6) D:10
    Orc: D:9-12

Altars:
Ashenzari
Cheibriados
Dithmenos
Elyvilon
Fedhas
Gozag
Hepliaklqana
Kikubaaqudgha
Makhleb
Nemelex Xobeh
Okawaru
Qazlal
Ru
Sif Muna
Trog
Uskayaw
Vehumet
Wu Jian
Xom
Yredelemnul
Zin
The Shining One

Shops:
D:4 (??   D:10 **

Annotations:
D:9 tilp's ghost, novice DDFi
D:11 Duffy's ghost, journeyman NaFi


Innate Abilities, Weirdness & Mutations

((You can breathe blasts of fire.))
((Your fiery red scales are hard. (AC +7)))
You cannot fit into any form of body armour.
((Your flesh is heat resistant. (rF+)))
((You are cold-blooded and may be slowed by cold attacks.))


Message History

The two-headed ogre hits you with a giant club!
* * * LOW HITPOINT WARNING * * *
You barely miss the two-headed ogre.
The two-headed ogre is almost dead.
Unknown command.
You hit the two-headed ogre but do no damage.
The two-headed ogre looks even sicker.
You tail-slap the two-headed ogre, but do no damage.
The two-headed ogre is almost dead.
The two-headed ogre hits you with a giant club!
* * * LOW HITPOINT WARNING * * *
You block the two-headed ogre's attack.
Unknown command.
You turn into a tree.
Your +2 cloak of magic resistance melds into your body.
Your +2 pair of gloves melds into your body.
You feel less resistant to hostile enchantments.
Your roots penetrate the ground.
The two-headed ogre hits you with a giant club!!
You die...

...# ####
####################
.....#.............#
.###............♣..#
.#.#...........O†).#
##.#...............#
.....#.............#
#+####.............#
#.# #.............#
#.# ##########'####
#.# #.......# #.#
#.#######


You could see a two-headed ogre.

Vanquished Creatures
  A two-headed ogre (D:8)
  Pikel (D:9)
  Psyche (D:10)
  A centaur skeleton (D:10)
  2 trolls
  A hippogriff (D:10)
  A wyvern (D:9)
  3 yaks (D:10)
  Eustachio (D:5)
  A hungry ghost (D:8)
  A soldier ant (D:10)
  3 ice beasts
  A black bear (D:9)
  A hornet zombie (D:10)
  A necrophage (D:10)
  A phantom (D:7)
  A sky beast (D:9)
  An ogre (D:7)
  A centaur (D:7)
  A crocodile (Sewer)
  A big kobold (D:10)
  3 bullfrogs
  A scorpion (D:10)
  12 wights
  A howler monkey (D:8)
  A bullfrog zombie (D:8)
  2 orc priests
  A quasit (D:8)
  Crazy Yiuf (D:5)
  2 hounds
  2 bullfrog skeletons
  An orc wizard (D:3)
  2 iguanas
  4 worker ants
  Robin (D:3)
  A gnoll (D:3)
  A howler monkey skeleton (D:4)
  12 adders
  A shadow imp (D:5)
  2 oozes
  An adder zombie (D:5)
  4 adder skeletons
  2 worms
  3 leopard geckos
  20 orcs
  A ball python (D:8)
  15 bats
  6 giant cockroaches
  13 goblins
  12 hobgoblins
  7 jackals
  12 kobolds
  4 quokkas
  4 frilled lizards (D:1)
  A quokka skeleton (D:4)
  12 rats
194 creatures vanquished.

Vanquished Creatures (others)
  A slave (D:9)
1 creature vanquished.

Grand Total: 195 creatures vanquished

Notes
Turn   | Place    | Note
-------+----------+-------------------------------------------
     0 | D:1      | tilp the Draconian Fire Elementalist began the quest for the Orb.
     0 | D:1      | Reached XP level 1. HP: 14/14 MP: 3/3
   180 | D:1      | Reached XP level 2. HP: 12/20 MP: 5/5
   788 | D:1      | Learned a level 2 spell: Throw Flame
  1236 | D:2      | Reached XP level 3. HP: 10/26 MP: 0/6
  1241 | D:2      | Learned a level 3 spell: Conjure Flame
  1512 | D:2      | Reached skill level 4 in Fire Magic
  1832 | D:2      | Found a shattered altar of Ashenzari.
  1837 | D:2      | Found an opulent altar of Gozag.
  1848 | D:2      | Found a deep blue altar of Sif Muna.
  1850 | D:2      | Found an iron altar of Okawaru.
  1850 | D:2      | Found a radiant altar of Vehumet.
  1854 | D:2      | Became a worshipper of Warmaster Okawaru
  1922 | D:3      | Reached XP level 4. HP: 5/33 MP: 0/8
  2363 | D:3      | Reached XP level 5. HP: 5/38 MP: 2/10
  2851 | D:3      | Noticed Robin
  2867 | D:3      | Killed Robin
  2868 | D:3      | HP: 1/38 [goblin[Robin] (3)]
  2873 | D:3      | HP: 1/57 [goblin/club[Robin] (1)]
  3013 | D:3      | Reached * piety under Okawaru
  3346 | D:3      | Learned a level 4 spell: Sticky Flame
  3671 | D:3      | Reached skill level 5 in Fire Magic
  4051 | D:4      | Found Linac's Weapon Shoppe.
  4333 | D:4      | Reached XP level 6. HP: 40/45 MP: 12/12
  4341 | D:4      | Learned a level 3 spell: Inner Flame
  4375 | D:4      | Found Pooke's Magic Scroll Shoppe.
  4378 | D:4      | Bought a scroll of remove curse for 39 gold pieces
  4378 | D:4      | Bought a scroll of identify for 26 gold pieces
  4378 | D:4      | Bought a scroll of teleportation for 39 gold pieces
  4636 | D:4      | Found Tuwep's Magic Scroll Shop.
  4639 | D:4      | Bought a scroll of identify for 20 gold pieces
  4639 | D:4      | Bought a scroll of remove curse for 30 gold pieces
  5042 | D:5      | Entered Level 5 of the Dungeon
  5169 | D:5      | Found a staircase to the Ecumenical Temple.
  5170 | D:5      | Noticed Eustachio
  5189 | D:5      | Killed Eustachio
  5189 | D:5      | Reached skill level 5 in Spellcasting
  5189 | D:5      | HP: 1/45 [shot self (13)]
  5409 | D:5      | Found a glowing drain.
  5423 | Sewer    | Entered a sewer
  5483 | Sewer    | Your scales start taking on a fiery red colour.
  5483 | Sewer    | Reached skill level 6 in Fire Magic
  5483 | Sewer    | Reached XP level 7. HP: 38/50 MP: 0/15
  5483 | Sewer    | Gained mutation: Your flesh is heat resistant. (rF+) [Red Draconian growth]
  5789 | D:5      | Got a brightly glowing spear
  5790 | D:5      | Identified the cursed +0 spear "Wacrerif" {venom, rPois rC- Str+5 Stlth+} (You found it on level 5 of the Dungeon)
  5886 | D:5      | Found a runed door.
  5890 | D:5      | Noticed Crazy Yiuf
  5903 | D:5      | Killed Crazy Yiuf
  5903 | D:5      | Reached skill level 7 in Fire Magic
  6182 | Temple   | Entered the Ecumenical Temple
  6599 | D:6      | Reached ** piety under Okawaru
  6826 | D:6      | Reached XP level 8. HP: 34/57 MP: 3/18
  7021 | D:6      | Found a stormy altar of Qazlal.
  7028 | D:6      | Learned a level 5 spell: Fireball
  7120 | D:6      | Reached skill level 8 in Fire Magic
  7793 | D:7      | Reached skill level 1 in Invocations
  7842 | D:7      | Reached skill level 1 in Fighting
  8084 | D:7      | Found a sacrificial altar of Ru.
  8330 | D:7      | Reached *** piety under Okawaru
  8330 | D:7      | Reached skill level 9 in Fire Magic
  8729 | D:8      | Noticed a two-headed ogre
  8839 | D:8      | Found a basalt altar of Yredelemnul.
  8839 | D:8      | Found a sparkling altar of Nemelex Xobeh.
  8840 | D:8      | Found a hide-covered altar of Uskayaw.
  9045 | D:8      | Killed a two-headed ogre
  9045 | D:8      | Reached skill level 10 in Fire Magic
  9045 | D:8      | Reached XP level 9. HP: 8/71 MP: 13/19
  9389 | D:8      | Found a stormy altar of Qazlal.
  9618 | D:9      | Noticed tilp's ghost (novice DDFi)
 10192 | D:9      | Reached **** piety under Okawaru
 10192 | D:9      | Reached skill level 5 in Invocations
 10426 | D:9      | Noticed Pikel
 10437 | D:9      | Killed Pikel
 10437 | D:9      | Reached skill level 5 in Fighting
 10437 | D:9      | Reached skill level 11 in Fire Magic
 10664 | D:9      | Noticed a troll
 10681 | D:9      | Killed a troll
 10920 | D:10     | Entered Level 10 of the Dungeon
 10930 | D:10     | Found a stormy altar of Qazlal.
 10980 | D:10     | Noticed Psyche
 10990 | D:10     | Killed Psyche
 10990 | D:10     | Reached ***** piety under Okawaru
 10990 | D:10     | Reached XP level 10. HP: 78/81 MP: 10/20
 11293 | D:10     | Found Meubank's Assorted Antiques.
 11341 | D:10     | Found Ohoxa's General Store.
 11383 | D:10     | Bought a scroll of magic mapping for 59 gold pieces
 11383 | D:10     | Bought a potion of curing for 51 gold pieces
 11383 | D:10     | Bought a potion of curing for 51 gold pieces
 11499 | D:10     | Received a gift from Okawaru
 11577 | D:10     | Found a staircase to the Lair.
 11634 | D:10     | Reached skill level 12 in Fire Magic
 11771 | D:9      | Found an ornate altar of the Wu Jian Council.
 11821 | D:11     | Noticed Duffy's ghost (journeyman NaFi)
 11868 | D:11     | Noticed a two-headed ogre
 11876 | D:10     | Reached skill level 5 in Conjurations
 11935 | D:10     | Slain by a two-headed ogre

Vault maps used:
D:1:      kilobyte_arrival_exit_the_forest, minivault_27, st_stairs_10,
          roderic_roman_lattice, minivault_27, minmay_misc_feat_doors,
          minmay_misc_feat_columns
D:2:      minitemple, first_bread
D:3:      corexii_shack_village, uniq_robin
D:4:      serial_shops, kennysheep_mini, shop, nicolae_shop_statue_plus
D:5:      minmay_temple_entry_large_hall, portal_sewer_entry_d, uniq_eustachio,
          uniq_crazy_yiuf_cottage
D:6:      nicolae_overflow_crystal_walls
D:7:      cheibrodos_quashed, kennysheep_little_box
D:8:      gammafunk_temple_overflow_forgotten, basic_altar
D:9:      nicolae_overflow_hidden_temple, uniq_pikel
D:10:     lair_entry_dummy, serial_shops, shop, nicolae_shop_crystal,
          grunt_qazlal_clouds, uniq_psyche
D:11:     basic_altar
Temple:   chequers_temple_sunken
Sewer:    sewer_big_baddie

Skill      XL: |  1  2  3  4  5  6  7  8  9 10 |
---------------+-------------------------------+-----
Fire Magic     | 4 5 6 7 10 11 12 | 12.0
Spellcasting   | 3 4 5 6 7 |  7.0
Invocations    | 4 5 6 |  6.4
Fighting       | 4 5 6 |  6.5
Conjurations   | 2 3 5 |  5.0
Dodging        | |  1.7
Stealth        | |  1.7

Action                   |  1- 3 |  4- 6 |  7- 9 | 10-12 || total
-------------------------+-------+-------+-------+-------++-------
Melee: Club              |   120 |       |       |       ||   120
       Tailslap          |     9 |    15 |    29 |    17 ||    70
       War axe           |    40 |   229 |       |       ||   269
       Spear             |       |       |   246 |    90 ||   336
 Cast: Flame Tongue      |    14 |    43 |    52 |    12 ||   121
       Throw Flame       |     1 |    18 |    50 |     8 ||    77
       Sticky Flame      |       |       |     6 |     9 ||    15
       Fireball          |       |       |       |     1 ||     1
Invok: Heroism           |       |       |       |     1 ||     1
 Abil: Breathe Fire      |       |       |     2 |     1 ||     3
Evoke: Wand              |       |     1 |       |       ||     1
  Use: Scroll            |       |    14 |     7 |     1 ||    22
       Potion            |       |     1 |       |     1 ||     2
 Stab: Sleeping          |     2 |     1 |     8 |       ||    11
       Distracted        |       |       |     1 |       ||     1
  Eat: Chunk             |     2 |     6 |     4 |     2 ||    14
       Royal jelly       |     1 |     2 |     1 |       ||     4
       Meat ration       |       |     1 |     2 |       ||     3
       Bread ration      |       |       |     1 |       ||     1
Armor: Skin              |    93 |   142 |   106 |    47 ||   388
Dodge: Dodged            |   172 |   224 |   125 |    60 ||   581
Block: Buckler           |    10 |    63 |    62 |    35 ||   170
